 Dungeon Crawl Stone Soup version 0.21.1-1-g345015f (webtiles) character file.

1330 tidbits the Insei (level 8, -9/60 HPs)
             Began as a Gnoll Transmuter on Mar 8, 2018.
             Was an Initiate of Cheibriados.
             Killed by divine providence
             ... invoked by an orc priest
              (13 damage)
             ... on level 6 of the Dungeon.
             The game lasted 00:11:05 (1094 turns).

tidbits the Insei (Gnoll Transmuter)                Turns: 1094, Time: 00:11:06

Health: -9/60      AC:  3    Str: 13    XL:     8   Next: 60%
Magic:  15/17      EV: 16    Int: 19    God:    Cheibriados [......]
Gold:   120        SH:  0    Dex: 17    Spells: 13/19 levels left

rFire    . . .     SeeInvis .   h - +1 dagger
rCold    . . .     Gourm    .   (no shield)
rNeg     . . .     Faith    .   B - +1 robe
rPois    .         Spirit   .   (no helmet)
rElec    .         Reflect  .   (no cloak)
rCorr    .         Harm     .   (no gloves)
MR       +....                  (no boots)
Stlth    +++.......             (no amulet)
HPRegen  0.20/turn              H - ring of protection from magic
MPRegen  0.15/turn              (no ring)

@: very slow
A: distributed training, fangs 1, strong nose
a: Bend Time, Renounce Religion


You were on level 6 of the Dungeon.
You worshipped Cheibriados.
Cheibriados was noncommittal.
You were hungry.

You visited 2 branches of the dungeon, and saw 7 of its levels.

You collected 120 gold pieces.

Inventory:

Hand Weapons
 h - a +1 dagger (weapon)
Missiles
 a - 74 arrows
 e - 30 sling bullets
 f - 51 stones
 k - 17 bolts
 l - 3 javelins
 m - 7 silver tomahawks
 q - 5 tomahawks (quivered)
Armour
 B - a +1 robe (worn)
Jewellery
 H - a ring of protection from magic (left hand)
   (You found it on level 2 of the Dungeon)
Wands
 b - a wand of polymorph (33)
Scrolls
 j - a scroll of enchant weapon
 o - 2 scrolls of fear
Books
 c - a book of Changes

   Spells                             Type                      Level
   a - Beastly Appendage              Transmutation                1
   b - Sticks to Snakes               Transmutation                2
   c - Spider Form                    Transmutation/Poison         3
   d - Ice Form                       Ice/Transmutation            4
   e - Blade Hands                    Transmutation                5
Comestibles
 d - 4 rations


   Skills:
 + Level 4.3 Fighting
 + Level 3.3 Short Blades
 + Level 3.3 Long Blades
 + Level 3.3 Axes
 + Level 3.3 Maces & Flails
 + Level 3.3 Polearms
 + Level 3.3 Staves
 + Level 3.3 Slings
 + Level 3.3 Bows
 + Level 3.3 Crossbows
 + Level 3.3 Throwing
 + Level 3.3 Armour
 + Level 5.7 Dodging
 + Level 3.3 Stealth
 + Level 3.3 Shields
 + Level 7.4 Unarmed Combat
 + Level 6.1 Spellcasting
 + Level 2.7 Conjurations
 + Level 2.7 Hexes
 + Level 2.7 Charms
 + Level 2.7 Summonings
 + Level 2.7 Necromancy
 + Level 2.7 Translocations
 + Level 4.7 Transmutations
 + Level 2.7 Fire Magic
 + Level 2.7 Ice Magic
 + Level 2.7 Air Magic
 + Level 2.7 Earth Magic
 + Level 2.7 Poison Magic
 + Level 3.7 Invocations
 + Level 3.3 Evocations


You had 13 spell levels left.
You knew the following spells:

 Your Spells              Type           Power        Failure   Level  Hunger
e - Beastly Appendage     Tmut           ###...       1%          1    None
k - Sticks to Snakes      Tmut           ###.....     2%          2    None
p - Spider Form           Tmut/Pois      ###.......   7%          3    ##.....


Dungeon Overview and Level Annotations

Branches:
Dungeon (6/15)             Temple (1/1) D:4

Altars:
Cheibriados
Elyvilon
Fedhas
Hepliaklqana
Trog


Innate Abilities, Weirdness & Mutations

Your experience applies equally to all skills.
You have very sharp teeth.
Your uncanny sense of smell can sniff out nearby items.


Message History

The centaur shoots an arrow.
The arrow completely misses your adder. The arrow barely misses you.
Something closely misses your adder.
The centaur shoots an arrow.
The arrow closely misses your adder. The arrow misses you.
You see here an arrow.
You swap places.
Your transformation has ended.
Your +1 dagger unmelds from your body.
Your +1 robe unmelds from your body.
The centaur shoots an arrow.
The arrow misses you.
The centaur shoots an arrow.
The arrow hits you!
* * * LOW HITPOINT WARNING * * *
You see here an arrow.
Casting: Spider Form
Confirm with . or Enter, or press ? or * to list all spells.
You turn into a venomous arachnid creature.
Your +1 dagger melds into your body.
Your +1 robe melds into your body.
The centaur shoots an arrow.
The arrow completely misses you. The centaur barely misses you.
The centaur hits you with a shortbow.
* * * LOW HITPOINT WARNING * * *
You see here an arrow.
Okay, then.
It was a potion of curing.
You feel better. The centaur misses you. The centaur hits you with a shortbow.
* * * LOW HITPOINT WARNING * * *
Unknown command.
You hit the centaur.
The centaur is lightly wounded.
The centaur hits you with a shortbow.
* * * LOW HITPOINT WARNING * * *
You bite the centaur!
The centaur is poisoned.
The centaur is heavily wounded.
The centaur completely misses you.
You hit the centaur.
The centaur is almost dead.
The centaur misses you.
You hit the centaur.
The centaur looks as sick as possible!
The centaur is almost dead.
You kill the centaur!
Cheibriados appreciates the change of pace.
You swap places.
The quokka zombie closely misses your adder.
You see here 2 arrows.
Your adder withers and dies!
You bite the quokka zombie!
You destroy the quokka zombie!
Cheibriados appreciates the change of pace.
You see here 2 arrows.
a - 68 arrows (gained 2)
You see here an arrow.
a - 69 arrows (gained 1)
Things that are here:
a shortbow; 6 arrows
a - 75 arrows (gained 6)
You see here an arrow.
a - 76 arrows (gained 1)
Your transformation is almost over.
A centaur skeleton comes into view.
Casting: Spider Form
Confirm with . or Enter, or press ? or * to list all spells.
You create 2 snakes!
You now have 74 arrows.
The centaur skeleton completely misses you.
You hit the centaur skeleton.
The centaur skeleton is lightly damaged.
The centaur skeleton hits you but does no damage.
Your ball python bites the centaur skeleton.
You hit the centaur skeleton.
The centaur skeleton is moderately damaged.
The centaur skeleton hits you.
* * * LOW HITPOINT WARNING * * *
Your ball python bites the centaur skeleton.
You bite the centaur skeleton!
The centaur skeleton is heavily damaged.
The centaur skeleton hits you.
* * * LOW HITPOINT WARNING * * *
Your adder bites the centaur skeleton.
Your ball python bites the centaur skeleton.
The centaur skeleton hits your adder but does no damage.
You bite the centaur skeleton!
You destroy the centaur skeleton!
Cheibriados appreciates the change of pace.
You swap places.
Your transformation has ended.
Your +1 dagger unmelds from your body.
Your +1 robe unmelds from your body.
You aren't carrying any potions.
Unknown command.
An orc comes into view. It is wielding a hand axe.
What are your orders? t - Bark!
Orders for allies: a - Attack new target. r - Retreat! s - Stop attacking. g - Guard the area. f - Follow me.
Anything else - Cancel.
Gang up on whom?
Press: ? - help, Dir - move target cursor, f - orc
Aim: an orc, wielding a hand axe and wearing a leather armour (hasn't noticed you) Attack!
An orc priest comes into view.
The orc priest invokes the aid of Beogh against you.
Beogh smites you!
You die...

.#.##..#.# #...#
.#.##..#.# #...#
.#.....#.# #...#
.#.......######...######
.#...>..................
.......................
#......................
#........######...####
#.....##.# #.@.# ##..##
#.# #...# #..####.#
####S..# #.......#
...S...#
###.#######.#[.....
.......)).....o...#.
###.#####(..#.#.###.#
#.#####...#o.. #
#.##....$.[.#.


You could see an orc priest, an orc, a friendly adder and a friendly ball
python.

Vanquished Creatures
  Pikel (D:6)
  Prince Ribbit (D:6)
  Grinder (D:3)
  Duvessa (D:5)
  A centaur (D:6)
  A bullfrog (D:6)
  Dowan (D:5)
  A centaur zombie (D:5)
  A centaur skeleton (D:6)
  A jelly (D:3)
  An orc priest (D:5)
  A hound (D:4)
  2 orc wizards
  An adder (D:6)
  3 leopard geckos
  8 orcs
  3 giant cockroaches
  2 goblins (D:1)
  6 hobgoblins (D:1)
  6 kobolds
  A quokka (D:2)
  4 bats
  A frilled lizard (D:1)
  A quokka zombie (D:6)
  2 rats (D:1)
52 creatures vanquished.

Vanquished Creatures (collateral kills)
  An adder (D:3)
1 creature vanquished.

Vanquished Creatures (others)
  3 slaves (D:6)
  2 bullfrogs (D:6)
  An orc wizard (D:6)
  An adder skeleton (D:6)
  A leopard gecko (D:6)
  6 orcs (D:6)
  3 jackals (D:6)
17 creatures vanquished.

Grand Total: 70 creatures vanquished

Notes
Turn   | Place    | Note
-------+----------+-------------------------------------------
     0 | D:1      | tidbits the Gnoll Transmuter began the quest for the Orb.
     0 | D:1      | Reached XP level 1. HP: 17/17 MP: 6/6
    89 | D:1      | Reached XP level 2. HP: 18/23 MP: 7/7
    93 | D:1      | Learned a level 2 spell: Sticks to Snakes
   312 | D:1      | Reached XP level 3. HP: 28/28 MP: 7/9
   317 | D:1      | Learned a level 3 spell: Spider Form
   365 | D:2      | Reached skill level 5 in Spellcasting
   500 | D:3      | Noticed Grinder
   517 | D:3      | Reached skill level 1 in Invocations
   529 | D:4      | Reached skill level 1 in Short Blades
   529 | D:4      | Reached skill level 1 in Long Blades
   529 | D:4      | Reached skill level 1 in Axes
   529 | D:4      | Reached skill level 1 in Maces & Flails
   529 | D:4      | Reached skill level 1 in Polearms
   529 | D:4      | Reached skill level 1 in Staves
   529 | D:4      | Reached skill level 1 in Slings
   529 | D:4      | Reached skill level 1 in Bows
   529 | D:4      | Reached skill level 1 in Crossbows
   529 | D:4      | Reached skill level 1 in Throwing
   529 | D:4      | Reached skill level 1 in Armour
   529 | D:4      | Reached skill level 1 in Stealth
   529 | D:4      | Reached skill level 1 in Shields
   529 | D:4      | Reached skill level 1 in Evocations
   529 | D:4      | Reached XP level 4. HP: 34/34 MP: 7/11
   552 | D:4      | Found a staircase to the Ecumenical Temple.
   555 | Temple   | Entered the Ecumenical Temple
   564 | Temple   | Became a worshipper of Cheibriados the Contemplative
   621 | D:5      | Entered Level 5 of the Dungeon
   643 | D:5      | Reached skill level 1 in Conjurations
   643 | D:5      | Reached skill level 1 in Hexes
   643 | D:5      | Reached skill level 1 in Charms
   643 | D:5      | Reached skill level 1 in Summonings
   643 | D:5      | Reached skill level 1 in Necromancy
   643 | D:5      | Reached skill level 1 in Translocations
   643 | D:5      | Reached skill level 1 in Fire Magic
   643 | D:5      | Reached skill level 1 in Ice Magic
   643 | D:5      | Reached skill level 1 in Air Magic
   643 | D:5      | Reached skill level 1 in Earth Magic
   643 | D:5      | Reached skill level 1 in Poison Magic
   666 | D:5      | Noticed Duvessa
   725 | D:3      | Killed Grinder
   725 | D:3      | Reached skill level 3 in Fighting
   725 | D:3      | Reached skill level 4 in Transmutations
   725 | D:3      | Reached skill level 2 in Invocations
   725 | D:3      | Reached XP level 5. HP: 32/41 MP: 5/12
   725 | D:3      | Reached XP level 6. HP: 36/47 MP: 5/13
   728 | D:3      | Found a white marble altar of Elyvilon.
   849 | D:5      | Reached skill level 5 in Dodging
   866 | D:5      | Killed Duvessa
   866 | D:5      | Reached skill level 2 in Short Blades
   866 | D:5      | Reached skill level 2 in Long Blades
   866 | D:5      | Reached skill level 2 in Axes
   866 | D:5      | Reached skill level 2 in Maces & Flails
   866 | D:5      | Reached skill level 2 in Polearms
   866 | D:5      | Reached skill level 2 in Staves
   866 | D:5      | Reached skill level 2 in Slings
   866 | D:5      | Reached skill level 2 in Bows
   866 | D:5      | Reached skill level 2 in Crossbows
   866 | D:5      | Reached skill level 2 in Throwing
   866 | D:5      | Reached skill level 2 in Armour
   866 | D:5      | Reached skill level 2 in Stealth
   866 | D:5      | Reached skill level 2 in Shields
   866 | D:5      | Reached skill level 2 in Evocations
   874 | D:5      | Noticed Dowan
   889 | D:5      | Killed Dowan
   889 | D:5      | Reached XP level 7. HP: 38/52 MP: 6/15
   935 | D:6      | Noticed Pikel
   947 | D:6      | Killed Pikel
   947 | D:6      | Reached skill level 7 in Unarmed Combat
   947 | D:6      | Reached skill level 2 in Conjurations
   947 | D:6      | Reached skill level 2 in Hexes
   947 | D:6      | Reached skill level 2 in Charms
   947 | D:6      | Reached skill level 2 in Summonings
   947 | D:6      | Reached skill level 2 in Necromancy
   947 | D:6      | Reached skill level 2 in Translocations
   947 | D:6      | Reached skill level 2 in Fire Magic
   947 | D:6      | Reached skill level 2 in Ice Magic
   947 | D:6      | Reached skill level 2 in Air Magic
   947 | D:6      | Reached skill level 2 in Earth Magic
   947 | D:6      | Reached skill level 2 in Poison Magic
   947 | D:6      | Reached skill level 3 in Invocations
   947 | D:6      | Reached XP level 8. HP: 34/60 MP: 6/16
   948 | D:6      | Noticed Prince Ribbit
   959 | D:6      | Reached skill level 4 in Fighting
   959 | D:6      | Reached skill level 3 in Short Blades
   959 | D:6      | Reached skill level 3 in Long Blades
   959 | D:6      | Reached skill level 3 in Axes
   959 | D:6      | Reached skill level 3 in Maces & Flails
   959 | D:6      | Reached skill level 3 in Polearms
   959 | D:6      | Reached skill level 3 in Staves
   959 | D:6      | Reached skill level 3 in Slings
   959 | D:6      | Reached skill level 3 in Bows
   959 | D:6      | Reached skill level 3 in Crossbows
   959 | D:6      | Reached skill level 3 in Throwing
   959 | D:6      | Reached skill level 3 in Armour
   959 | D:6      | Reached skill level 3 in Stealth
   959 | D:6      | Reached skill level 3 in Shields
   959 | D:6      | Reached skill level 3 in Evocations
   966 | D:6      | HP: 6/60 [Prince Ribbit (17)]
   974 | D:6      | Killed Prince Ribbit
   974 | D:6      | Reached skill level 6 in Spellcasting
  1079 | D:6      | HP: 6/60 [centaur skeleton (5)]
  1080 | D:6      | HP: 1/60 [centaur skeleton (6)]
  1094 | D:6      | Killed from afar by an orc priest

Skill      XL: |  1  2  3  4  5  6  7  8 |
---------------+-------------------------+-----
Spellcasting   | 5 6 |  6.1
Invocations    | 1 2 3 |  3.7
Short Blades   | 1 2 3 |  3.3
Long Blades    | 1 2 3 |  3.3
Axes           | 1 2 3 |  3.3
Maces & Flails | 1 2 3 |  3.3
Polearms       | 1 2 3 |  3.3
Staves         | 1 2 3 |  3.3
Slings         | 1 2 3 |  3.3
Bows           | 1 2 3 |  3.3
Crossbows      | 1 2 3 |  3.3
Throwing       | 1 2 3 |  3.3
Armour         | 1 2 3 |  3.3
Stealth        | 1 2 3 |  3.3
Shields        | 1 2 3 |  3.3
Evocations     | 1 2 3 |  3.3
Conjurations   | 1 2 |  2.7
Hexes          | 1 2 |  2.7
Charms         | 1 2 |  2.7
Summonings     | 1 2 |  2.7
Necromancy     | 1 2 |  2.7
Translocations | 1 2 |  2.7
Fire Magic     | 1 2 |  2.7
Ice Magic      | 1 2 |  2.7
Air Magic      | 1 2 |  2.7
Earth Magic    | 1 2 |  2.7
Poison Magic   | 1 2 |  2.7
Fighting       | 3 4 |  4.3
Transmutations | 4 |  4.7
Dodging        | 5 |  5.7
Unarmed Combat | 7 |  7.4

Action                   |  1- 3 |  4- 6 |  7- 9 || total
-------------------------+-------+-------+-------++-------
Melee: Unarmed           |    70 |    45 |    37 ||   152
       Headbutt          |    10 |       |       ||    10
       Punch             |     1 |       |       ||     1
       Bite              |     2 |       |       ||     2
       Kick              |     1 |       |       ||     1
Throw: Tomahawk          |       |     5 |       ||     5
 Cast: Beastly Appendage |    14 |       |       ||    14
       Spider Form       |     2 |     7 |     6 ||    15
       Sticks to Snakes  |     1 |     6 |     3 ||    10
  Use: Scroll            |     1 |     4 |       ||     5
       Potion            |       |       |     3 ||     3
 Stab: Sleeping          |     1 |       |       ||     1
       Distracted        |       |     3 |       ||     3
       Invisible         |       |       |     1 ||     1
  Eat: Chunk             |       |     1 |       ||     1
Armor: Robe              |     4 |     1 |       ||     5
       Skin              |       |     1 |     2 ||     3
Dodge: Dodged            |    41 |    33 |    36 ||   110

Table legend:
 A = Turns spent in this place as a percentage of turns spent in the entire game.
 B = Non-inter-level travel turns spent in this place as a percentage of non-inter-level travel turns spent in the entire game.
 C = Inter-level travel turns spent in this place as a percentage of turns spent in this place.
 D = Turns resting spent in this place as a percentage of non-inter-level travel turns spent in this place.
 E = Turns spent auto-exploring this place as a percentage of non-inter-level travel turns spent in this place.
 F = Non-inter-level travel turns spent in this place divided by the number of levels of this place that you've seen.
                   A       B       C       D       E      F
               +-------+-------+-------+-------+-------+----------------------
         Total | 100.0 | 100.0 |   0.0 |   0.0 |   0.0 | 156.3
       Dungeon |  98.3 |  98.3 |   0.0 |   0.0 |   0.0 | 179.2
        Temple |   1.7 |   1.7 |   0.0 |   0.0 |   0.0 |  19.0
               +-------+-------+-------+-------+-------+----------------------

Table legend:
 A = Kills in this place as a percentage of kills in entire the game.
 B = Kills by you in this place as a percentage of kills by you in the entire game.
 C = Kills by friends in this place as a percentage of kills by friends in the entire game.
 D = Other kills in this place as a percentage of other kills in the entire game.
 E = Experience gained in this place as a percentage of experience gained in the entire game.
 F = Experience gained in this place divided by the number of levels of this place that you have seen.
                   A       B       C       D       E      F
               +-------+-------+-------+-------+-------+----------------------
         Total | 100.0 | 100.0 | 100.0 |   N/A | 100.0 | 271.6
       Dungeon | 100.0 | 100.0 | 100.0 |   N/A | 100.0 | 316.8
               +-------+-------+-------+-------+-------+----------------------

Vault maps used:
D:1:      elethiomel_arrival_shortcut
D:2:      first_ration, uniq_jessica
D:3:      cheibrodos_helix_gallery, kennysheep_ying_yang, uniq_grinder
D:4:      minmay_temple_entry_grid, fedhas_altar_2
D:5:      nicolae_ashenzari_panopticon, uniq_edmund, uniq_duvessa, uniq_ijyb,
          uniq_crazy_yiuf_cottage
D:6:      serial_shops, kennysheep_little_box, uniq_menkaure, uniq_pikel,
          uniq_prince_ribbit1
Temple:   regret_index_temple_mists
